 Dungeon Crawl Stone Soup version 0.21.1-1-g345015f (webtiles) character file.

85 JeffiDaFish the Skirmisher (level 4, -1/40 HPs)
             Began as a Minotaur Chaos Knight on Feb 19, 2018.
             Slain by a gnoll
             ... wielding a +0 flail
              (8 damage)
             ... on level 3 of the Dungeon.
             The game lasted 00:05:51 (2078 turns).

JeffiDaFish the Skirmisher (Minotaur Chaos Knight)  Turns: 2078, Time: 00:05:52

Health: -1/40      AC:  7    Str: 16    XL:     4   Next: 25%
Magic:  3/3        EV:  9    Int:  9    God:    Xom [.*....]
Gold:   117        SH:  9    Dex: 11    Spells: 3/3 levels left

rFire    . . .     SeeInvis .   a - +0 hand axe (chaos)
rCold    . . .     Gourm    .   e - +1 shield
rNeg     . . .     Faith    .   b - +2 leather armour
rPois    .         Spirit   .   (helmet restricted)
rElec    .         Reflect  .   (no cloak)
rCorr    .         Harm     .   f - +1 pair of gloves {archery}
MR       .....                  (no boots)
Stlth    ..........             (no amulet)
HPRegen  0.00/turn              j - ring of loudness (curse)
MPRegen  0.08/turn              (no ring)

@: no status effects
A: retaliatory headbutt, horns 2, high mp 1, inhibited regeneration
a: Renounce Religion


You were on level 3 of the Dungeon.
You worshipped Xom.
You were a plaything of Xom.
You were not hungry.

You visited 1 branch of the dungeon, and saw 3 of its levels.

You collected 117 gold pieces.

Inventory:

Hand Weapons
 a - a +0 hand axe of chaos (weapon)
Armour
 b - a +2 leather armour (worn)
 e - a +1 shield (worn)
 f - a +1 pair of gloves of archery (worn)
Jewellery
 j - a cursed ring of loudness (left hand)
Scrolls
 i - 2 scrolls of teleportation
 k - a scroll of identify
Books
 h - Xom's Almanac of the Butterfly
   (Xom gifted it to you on level 1 of the Dungeon)

   Spells                             Type                      Level
   a - Ozocubu's Armour               Charms/Ice                   3
   b - Mephitic Cloud                 Conjuration/Poison/Air       3
   c - Venom Bolt                     Conjuration/Poison           5
Comestibles
 c - 3 rations


   Skills:
 + Level 4.2 Fighting
 + Level 4.1 Axes
 + Level 3.5 Armour
 + Level 2.0 Dodging
 * Level 1.9 Shields


You had 3 spell levels left.
You didn't know any spells.

Dungeon Overview and Level Annotations

Branches:
Dungeon (3/15)

Altars:
Ashenzari


Innate Abilities, Weirdness & Mutations

You reflexively headbutt those who attack you in melee.
You have a pair of horns on your head.
You have an increased reservoir of magic. (+10% MP)
You do not regenerate when monsters are visible.


Message History

You kill the orc!
You barely miss the gnoll. The gnoll hits you with a flail.
* * * LOW HITPOINT WARNING * * *
The gnoll hits you from afar with a spear.
* * * LOW HITPOINT WARNING * * *
You barely miss the gnoll. Your headbutt misses the gnoll.
The gnoll barely misses you. The gnoll closely misses you.
You feel better. The gnoll hits you but does no damage.
You block the gnoll's attack.
You barely miss the gnoll. The gnoll completely misses you.
The gnoll hits you but does no damage. You block the gnoll's attack.
You hit the gnoll.
You feel better.
The gnoll is moderately wounded.
You block the gnoll's attack.
The gnoll hits you from afar with a spear.
* * * LOW HITPOINT WARNING * * *
You hit the gnoll. You headbutt the gnoll.
The gnoll is almost dead.
The gnoll hits you with a flail!
You die...

##. ## ###.. ##.## ...)
##...##### #..
.......... #.. .....#.#
#.. ###.####...#.# ##.
.....gg@...#)#.##.## #..
.....###..))....#.##.##.
... ###.#............ #
#(#.#..#<#####.
#(#.#.......##.
$#####(###.##..(....
........(............
...................#.
.........#.#......##.


You could see 2 gnolls.

Vanquished Creatures
  2 adders
  A gnoll (D:3)
  An ooze (D:1)
  A worm (D:3)
  A dart slug (D:3)
  A leopard gecko (D:3)
  2 orcs (D:3)
  4 giant cockroaches
  5 goblins
  4 hobgoblins
  A quokka (D:2)
  9 bats
  3 frilled lizards
  4 kobolds
  6 rats
45 creatures vanquished.

Notes
Turn   | Place    | Note
-------+----------+-------------------------------------------
     0 | D:1      | JeffiDaFish the Minotaur Chaos Knight began the quest for the Orb.
     0 | D:1      | Reached XP level 1. HP: 19/19 MP: 0/0
    43 | D:1      | XOM: harmless Tmut miscast
    88 | D:1      | Found a shattered altar of Ashenzari.
   230 | D:1      | Gained mutation: You do not regenerate when monsters are visible. [potion of mutation]
   230 | D:1      | Gained mutation: You have an increased reservoir of magic. (+10% MP) [potion of mutation]
   292 | D:1      | Reached XP level 2. HP: 27/27 MP: 1/1
   302 | D:1      | XOM is BORED!
   302 | D:1      | XOM: medium Tmut miscast
   859 | D:1      | Identified Xom's Almanac of the Butterfly (Xom gifted it to you on level 1 of the Dungeon)
   859 | D:1      | XOM: god gift: Xom's Almanac of the Butterfly
  1352 | D:2      | Reached XP level 3. HP: 25/33 MP: 2/2
  1362 | D:2      | Reached skill level 1 in Shields
  1395 | D:2      | XOM: cloud trail
  1514 | D:2      | XOM: 5-stop teleportation journey
  1803 | D:3      | Reached XP level 4. HP: 39/40 MP: 3/3
  1832 | D:3      | XOM: harmless Hex miscast
  1894 | D:3      | XOM: harmless Air miscast
  1913 | D:3      | XOM: god gift: scroll labeled IGIECATWAY {god gift}
  2078 | D:3      | Slain by a gnoll

Skill      XL: |  1  2  3 |
---------------+----------+-----
Armour         | 3 |  3.5
Fighting       | 4 |  4.2
Axes           | 4 |  4.1
Shields        | 1 |  1.9
Dodging        | 2 |  2.0

Action                   |  1- 3 |  4- 6 || total
-------------------------+-------+-------++-------
Melee: Hand axe          |    93 |    32 ||   125
       Headbutt          |     8 |     1 ||     9
  Use: Potion            |     6 |     2 ||     8
       Scroll            |     7 |     1 ||     8
 Stab: Paralysed         |     1 |       ||     1
  Eat: Chunk             |     3 |     1 ||     4
Armor: Leather armour    |    55 |     6 ||    61
Dodge: Dodged            |    32 |    12 ||    44
Block: Shield            |    34 |    10 ||    44
